 Dungeon Crawl Stone Soup version 0.27-a0-660-g90476cec82 (webtiles) character file.

Game seed: 3688882140659518850

6 MalarOregon the Caller (level 2, -1/17 HPs)
             Began as a Halfling Summoner on Mar 16, 2021.
             Slain by a jackal (3 damage)
             ... on level 1 of the Dungeon.
             The game lasted 00:02:14 (1187 turns).

MalarOregon the Caller (Halfling Summoner)          Turns: 1187, Time: 00:02:15

Health: -1/17      AC:  2    Str:  9    XL:     2   Next: 0%
Magic:  0/4        EV: 14    Int: 13    God:
Gold:   27         SH:  0    Dex: 14    Spells: 3/4 levels left

rFire    + . .     SeeInvis .   (weapon restricted)
rCold    + . .     Faith    .   (shield restricted)
rNeg     . . .     Spirit   .   a - +0 robe
rPois    .         Reflect  .   (no helmet)
rElec    .         Harm     .   c - scarf {rC+ rF+}
rCorr    .         Rampage  .   (no gloves)
Will     .....                  (no boots)
Stlth    ++........             (no amulet)
HPRegen  0.05/turn              (no ring)
MPRegen  0.09/turn              (no ring)

@: no status effects
A: small, no large weapons, mutation resistance 1
a: no special abilities


You were on level 1 of the Dungeon.
You visited 1 branch of the dungeon, and saw 1 of its levels.

You collected 27 gold pieces.

Inventory:

Armour
 a - a +0 robe (worn)
 c - a scarf of resistance (worn)
   (You found it on level 1 of the Dungeon)
Scrolls
 b - 2 scrolls of enchant armour {unknown}
 d - a scroll of teleportation {unknown}


   Skills:
 + Level 0.3 Fighting
 + Level 2.3 Dodging
 - Level 2.1 Stealth
 + Level 1.6 Spellcasting
 * Level 3.3 Summonings


You had 3 spell levels left.
You knew the following spells:

 Your Spells              Type           Power      Damage    Failure   Level
a - Summon Small Mammal   Summ           36%        N/A       7%          1

Your spell library contained the following spells:

 Spells                   Type           Power      Damage    Failure   Level
 Call Imp                 Summ           9%         N/A       10%         2
 Call Canine Familiar     Summ           9%         N/A       21%         3
 Summon Guardian Golem    Hex/Summ       5%         N/A       36%         3
 Summon Ice Beast         Ice/Summ       5%         N/A       78%         4
 Summon Lightning Spire   Summ/Air       5%         N/A       78%         4


Dungeon Overview and Level Annotations

Branches:
Dungeon (1/15)

Altars:


Innate Abilities, Weirdness & Mutations

You are small and have problems with some larger weapons.
You are somewhat resistant to further mutation.


Message History

Your bat hits the bat.
The bat dies!
Your rat bites the jackal.
The jackal closely misses your rat.
Your rat barely misses the jackal.
You hit the jackal. The jackal bites your rat. The jackal misses you.
Your rat misses the jackal. The jackal bites your rat.
Your rat dies!
Your rat's corpse disappears in a puff of smoke!
The jackal bites you.
* * * LOW HITPOINT WARNING * * *
Your bat hits the jackal but does no damage.
Your rat bites the jackal.
The jackal dies!
You have reached level 2!
Your rat bites the jackal.
Your bat hits the jackal but does no damage.
Your bat closely misses the jackal.
Your bat closely misses the jackal.
The jackal bites you but does no damage.
Your bat barely misses the jackal. x3; The jackal completely misses you.
Your bat closely misses the jackal.
Your bat barely misses the jackal.
Your bat hits the jackal.
Your bat closely misses the jackal.
Your bat closely misses the jackal.
Your bat barely misses the jackal.
The jackal closely misses you.
Your bat hits the jackal but does no damage.
Your bat misses the jackal. Something barely misses your bat.
Your bat closely misses the jackal.
The jackal bites your bat.
Your bat dies!
Your bat's corpse disappears in a puff of smoke!
The jackal bites you but does no damage.
The jackal barely misses you. The jackal misses you.
The jackal bites you but does no damage.
The jackal misses you.
Your rat bites the jackal.
The jackal misses you.
You closely miss the jackal. The jackal bites you.
* * * LOW HITPOINT WARNING * * *
Your rat closely misses the jackal.
The jackal barely misses you.
Your rat barely misses the jackal.
Your bat barely misses the jackal.
The jackal closely misses your bat.
Your bat hits the jackal but does no damage.
Your bat hits the jackal.
Your bat barely misses the jackal.
Your bat hits the jackal but does no damage.
The jackal closely misses you.
Your bat misses the jackal.
Your rat closely misses the jackal.
The jackal bites you.
You die...

##########
#........#############
#.####...............# ## #.#
#.#.........###.######.#### #.#
#.#######.................. #.#
#(........#@#######.......#
#.####..#######.hb......†...†...
#.......##.......r....###.###..#
#.###...##.#########..# #$# .#
#.###......# #..# #.#
#.......#### #..# #.. #>####..#
#..# $## #.# #..# #..# # #.#
#..# #..#


You could see a jackal (ally target), a friendly bat (summoned) and a friendly
rat (summoned).

Vanquished Creatures
  A bat (D:1)
1 creature vanquished.

Vanquished Creatures (collateral kills)
  A bat (D:1)
  3 giant cockroaches (D:1)
  A jackal (D:1)
  A frilled lizard (D:1)
  A goblin (D:1)
7 creatures vanquished.

Grand Total: 8 creatures vanquished

Notes
Turn   | Place    | Note
-------+----------+-------------------------------------------
     0 | D:1      | MalarOregon the Halfling Summoner began the quest for the
                  | Orb.
     0 | D:1      | Reached XP level 1. HP: 11/11 MP: 3/3
  1160 | D:1      | Reached XP level 2. HP: 2/17 MP: 0/4
  1187 | D:1      | Slain by a jackal

Illustrated notes

Levels and vault maps discovered:
D:1:      minmay_arrival_plants_in_alcoves, layout_loops_ring,
          minmay_octomino_e4

Action                   || total
-------------------------++-------
Melee: Unarmed           ||    69
 Cast: Summon Small Mamm ||    15
 Stab: Sleeping          ||     1
Armor: Robe              ||    27
Dodge: Dodged            ||    81

Table legend: (Time is in decaauts)
 A = Elapsed time spent in this place.
 B = Non-inter-level travel time spent in this place.
 C = Inter-level travel time spent in this place.
 D = Time resting spent in this place.
 E = Time spent auto-exploring this place.
 F = Levels seen in this place.
 G = Mean time per level.
                   A        B        C        D        E       F      G
               +--------+--------+--------+--------+--------+-----+--------+
         Total |   1187 |   1187 |      0 |    687 |    309 |   1 | 1187.0 |
       Dungeon |   1187 |   1187 |      0 |    687 |    309 |   1 | 1187.0 |
               +--------+--------+--------+--------+--------+-----+--------+

Top non-repeatable levels by time:
     D:1: 1187 daAuts
